 Dungeon Crawl Stone Soup version 0.30-a0-722-g3e6e8c874d (webtiles) character file.

Game seed: 6910419662401754896

357 Shayle the Sneak (level 6, -1/37 HPs)
             Began as a Tengu Brigand on Jan 27, 2023.
             Slain by Pikel
             ... wielding a +2 whip of freezing
              (10 damage)
             ... on level 3 of the Dungeon.
             The game lasted 00:13:58 (3430 turns).

Shayle the Sneak (Tengu Brigand)                    Turns: 3430, Time: 00:13:59

Health: -1/37      AC:  3    Str: 18    XL:     6   Next: 64%
Magic:  0/7        EV: 15    Int: 13    God:
Gold:   258        SH:  0    Dex: 15    Spells: 2/5 levels left

rFire   + . .      SeeInvis .    a - +2 dagger
rCold   . . .      Faith    .    (no shield)
rNeg    . . .      Spirit   +    b - +0 robe
rPois   .          Reflect  .    (helmet restricted)
rElec   .          Harm     .    c - +0 cloak
rCorr   .          Rampage  .    (no gloves)
Will    .....                    (boots unavailable)
Stlth   +++                      p - amulet of guardian spirit
HPRegen 0.26/turn                f - +6 ring of strength
MPRegen 0.10/turn                h - ring of protection from fire

@: flying quickly and evasively, quick
A: beak, talons 3, nimble flight
a: no special abilities


You were on level 3 of the Dungeon.
You visited 1 branch of the dungeon, and saw 4 of its levels.
You also visited: Sewer.

You collected 258 gold pieces.

Inventory:

Hand Weapons
 a - a +2 dagger (weapon)
 n - a +0 dagger of venom
Armour
 b - a +0 robe (worn)
 c - a +0 cloak (worn)
Jewellery
 f - a +6 ring of strength (left hand)
 h - a ring of protection from fire (right hand)
 p - an amulet of guardian spirit (around neck)
Scrolls
 g - 4 scrolls of identify {unknown}
 i - 2 scrolls of vulnerability {unknown}
 j - a scroll of enchant armour {unknown}
 l - 2 scrolls of immolation {unknown}
 o - 2 scrolls of amnesia {unknown}
 q - 2 scrolls of teleportation {unknown}
 r - a scroll of magic mapping {unknown}
 t - 2 scrolls of acquirement {unknown}
 y - a scroll of fog {unknown}
Potions
 m - 3 potions of attraction
 s - 3 potions of flight {unknown}
 u - a potion of might {unknown}
 v - 2 potions of mutation {unknown}
 w - a potion of heal wounds {unknown}
 x - a potion of ambrosia {unknown}


   Skills:
 + Level 3.6 Fighting
 - Level 2.1 Short Blades
 - Level 2.0 Throwing
 + Level 3.3 Dodging
 + Level 5.1 Stealth
 + Level 0.2 Spellcasting
 + Level 1.4 Translocations
 + Level 2.0 Fire Magic
 + Level 2.7 Air Magic


You had 2 spell levels left.
You knew the following spells:

 Your Spells              Type           Power      Damage    Failure   Level
a - Kindle Blastsparks    Fire/Tloc/Air  10%        2d10      36%         3

Your spell library contained the following spells:

 Spells                   Type           Power      Damage    Failure   Level
 Apportation              Tloc           6%         N/A       17%         1
 Freeze                   Ice            0%         1d3       30%         1
 Kiss of Death            Conj/Necr      0%         2d5       30%         1
 Necrotise                Necr           0%         1d4       30%         1
 Summon Small Mammal      Summ           0%         N/A       30%         1
 Confusing Touch          Hex            0%         N/A       67%         3
 Frozen Ramparts          Ice            0%         1d1       67%         3
 Hailstorm                Conj/Ice       0%         3d3       67%         3
 Iskenderun's Mystic Bla  Conj/Tloc      1%         2d3       92%         4
 Dispel Undead            Necr           0%         3d6       97%         4
 Fulminant Prism          Conj/Hex       0%         3d5       97%         4
 Lee's Rapid Deconstruct  Erth           0%         3d4*      100%        5


Dungeon Overview and Level Annotations

Branches:
Dungeon (4/15)              Sewer (visited)
 Temple: D:4-7

Altars:
Sif Muna

Shops:
D:1 [

Annotations:
D:3 Pikel


Innate Abilities, Weirdness & Mutations

You have a beak for a mouth.
You have claws for feet.
Your magical nature lets you fly swiftly and evasively.


Message History

You fly upwards.
There is a stone staircase leading down here.
You hit Pikel. You peck Pikel, but do no damage.
Pikel is heavily wounded.
Pikel barely misses you.
Throw: dart (poison)
Press: ? - help, Q - select action Shift-Dir - straight line, f - Pikel
Aim: Pikel, wielding a +2 whip of freezing and wearing a +0 robe (heavily wounded, 53% to hit)
You throw a poisoned dart. The poisoned dart barely misses Pikel.
Pikel hits you with a +2 whip of freezing.
Pikel freezes you.
You hit Pikel but do no damage. Your kick misses Pikel. You peck Pikel.
Pikel is severely wounded.
You hit Pikel.
Pikel is severely wounded.
Pikel misses you.
You aren't carrying any items that you can evoke.
Unknown command.
You hit Pikel.
Pikel is severely wounded.
Pikel barely misses you.
You hit Pikel. Your kick misses Pikel. Your peck misses Pikel.
Pikel is severely wounded.
Pikel closely misses you.
You hit Pikel. Your kick misses Pikel.
Pikel is almost dead.
Pikel hits you with a +2 whip of freezing.
* * * LOW HITPOINT WARNING * * *
Pikel freezes you.
* * * LOW HITPOINT WARNING * * *
You barely miss Pikel. You claw Pikel, but do no damage.
Pikel is almost dead.
Pikel completely misses you.
You hit Pikel but do no damage.
Pikel is almost dead.
Pikel closely misses you.
You hit Pikel but do no damage.
Pikel is almost dead.
Pikel hits you with a +2 whip of freezing!
You die...

...÷..# #....# #####.##########
#.##.# #..........# #.##.#
##########.# #.##.#
############.# ###'##.#
#...†.....##.# #......#
#.#######.##.# #......#
###.#.....#.##.####......#
................@.'......#
###.#..##.#.##.#K##......#
#.##.##.#.##.#.##......#
#.##.##.#.##.#.#######'#######
#.##.##......#.# #....)...#
###.##......##.#.######........#
#...#######.####...............#
#...'.......†)....##..#........#
#...############.###..##########


You could see Pikel.

Vanquished Creatures
  A water moccasin (Sewer)
  Jessica (D:3)
  An iguana (D:4)
  2 orc wizards (D:4)
  Robin (D:4)
  3 river rats (D:4)
  6 adders
  A dart slug (D:1)
  An orc (D:4)
  4 ball pythons
  5 endoplasms
  3 giant cockroaches
  9 goblins
  8 hobgoblins
  2 jackals (Sewer)
  2 quokkas
  6 bats
  2 frilled lizards
  7 kobolds
  3 rats
68 creatures vanquished.

Notes
Turn   | Place    | Note
-------+----------+-------------------------------------------
     0 | D:1      | Shayle the Tengu Brigand began the quest for the Orb.
     0 | D:1      | Reached XP level 1. HP: 12/12 MP: 2/2
   167 | D:1      | Reached XP level 2. HP: 17/17 MP: 3/3
   371 | D:1      | Found Xesmul's Armour Shop.
   748 | D:2      | Reached XP level 3. HP: 18/22 MP: 4/4
  1315 | D:2      | Found a shimmering blue altar of Sif Muna.
  1326 | D:2      | Reached XP level 4. HP: 5/27 MP: 5/5
  1426 | D:2      | Learned a level 3 spell: Kindle Blastsparks
  1988 | D:3      | Noticed Jessica
  2008 | D:3      | Killed Jessica
  2531 | D:4      | Reached skill level 1 in Air Magic
  2642 | D:4      | Reached skill level 1 in Fire Magic
  2642 | D:4      | Gained mutation: Your magical nature lets you fly swiftly
                  | and evasively. [Tengu growth]
  2642 | D:4      | Reached XP level 5. HP: 32/32 MP: 6/6
  2651 | D:4      | Found a glowing drain.
  2664 | Sewer    | Entered a sewer
  2815 | Sewer    | Noticed a water moccasin
  2841 | Sewer    | Killed a water moccasin
  2842 | Sewer    | Reached skill level 5 in Stealth
  2842 | Sewer    | Reached skill level 1 in Translocations
  2842 | Sewer    | Reached XP level 6. HP: 11/37 MP: 1/7
  3080 | D:4      | Noticed Robin
  3108 | D:4      | Killed Robin
  3378 | D:4      | Noticed Pikel
  3430 | D:3      | Slain by Pikel

Illustrated notes

Levels and vault maps discovered:
D:1:      mrwooster_arrival_statue_2, layout_basic, serial_shops,
          nicolae_square_shop, serial_bayou_lagoon_b
D:2:      layout_loops_corners, basic_altar, minmay_misc_feat_nine_boxes,
          roderic_st_hans_cross
D:3:      layout_basic, uniq_jessica
D:4:      layout_cave_pods, portal_sewer_entry_b, minmay_cut_off, uniq_robin,
          uniq_crazy_yiuf_cottage, uniq_pikel

Skill      XL: |  1  2  3  4  5  6 |
---------------+-------------------+-----
Dodging        | 2 3 |  3.3
Fighting       | 3 |  3.6
Air Magic      | 1 2 |  2.7
Fire Magic     | 1 2 |  2.0
Stealth        | 5 |  5.1
Translocations | 1 |  1.4
Short Blades   | |  2.1
Throwing       | |  2.0
Spellcasting   | |  0.2

Action                     |  1- 3 |  4- 6 || total
---------------------------+-------+-------++-------
  Melee: Dagger            |    63 |   115 ||   178
         Kick              |    11 |    23 ||    34
         Peck              |    11 |    17 ||    28
         Punch             |       |     1 ||     1
  Throw: Dart              |       |    38 ||    38
    Use: Potion            |       |     3 ||     3
   Stab: Sleeping          |     8 |     7 ||    15
 Armour: Robe              |    10 |     9 ||    19
  Dodge: Dodged            |    31 |    63 ||    94

Table legend: (Time is in decaauts)
 A = Elapsed time spent in this place.
 B = Non-inter-level travel time spent in this place.
 C = Inter-level travel time spent in this place.
 D = Time resting spent in this place.
 E = Time spent auto-exploring this place.
 F = Levels seen in this place.
 G = Mean time per level.
                   A        B        C        D        E       F      G
               +--------+--------+--------+--------+--------+-----+--------+
         Total |   3381 |   3256 |    125 |    441 |   1936 |   5 |  676.2 |
       Dungeon |   3060 |   2935 |    125 |    242 |   1897 |   4 |  765.0 |
         Sewer |    321 |    321 |      0 |    199 |     38 |   1 |  321.0 |
               +--------+--------+--------+--------+--------+-----+--------+

Top non-repeatable levels by time:
     D:2: 1105 daAuts
     D:1: 747 daAuts
     D:3: 731 daAuts
     D:4: 475 daAuts
   Sewer: 321 daAuts
